 Dungeon Crawl Stone Soup version 0.28-a0-1520-gc3277d3759 (webtiles) character file.

Game seed: 11897333907387741924

543 tilp the Chiller (level 7, 32/32 HPs)
             Began as a Felid Ice Elementalist on Jan 17, 2022.
             Was a Follower of Vehumet.
             Quit the game on level 6 of the Dungeon.
             The game lasted 00:15:17 (8801 turns).

tilp the Chiller (Felid Ice Elementalist)           Turns: 8801, Time: 00:15:18

Health: 32/32      AC:  2    Str:  4    XL:     7   Next: 6%
Magic:  15/15      EV: 18    Int: 20    God:    Vehumet [*.....]
Gold:   196        SH:  0    Dex: 17    Spells: 4/15 levels left
                                        Lives:  0   Deaths: 2

rFire   + . .      SeeInvis +     - Unarmed
rCold   . . .      Faith    .   (shield unavailable)
rNeg    . . .      Spirit   .   (armour unavailable)
rPois   .          Reflect  .   (helmet unavailable)
rElec   .          Harm     .   (cloak unavailable)
rCorr   .          Rampage  .   (gloves unavailable)
Will    +....                   (boots unavailable)
Stlth   +++.......              f - amulet of magic regeneration
HPRegen 0.10/turn               o - ring of protection from fire
MPRegen 0.54/turn               a - ring of wizardry

@: quick
A: very small, claws 1, fangs 3, see invisible, speed 1, shaggy fur 2, stealthy
paws, no weapons or thrown items, no armour, multi-lived
a: Renounce Religion


You were on level 6 of the Dungeon.
You worshipped Vehumet.
Vehumet was aware of your devotion.
You visited 2 branches of the dungeon, and saw 7 of its levels.
You also visited: Sewer.

You collected 196 gold pieces.

Inventory:

Jewellery
 a - a ring of wizardry (right paw)
 f - an amulet of magic regeneration (around neck)
 g - a ring of fire
 l - a +4 ring of evasion
 o - a ring of protection from fire (left paw)
Wands
 m - a wand of iceblast (9)
Scrolls
 d - a scroll of teleportation
 r - a scroll of magic mapping
Potions
 b - 2 potions of curing
 c - a potion of lignification
 e - a potion of brilliance
 h - a potion of berserk rage
 i - a potion of haste
 j - a potion of might
 k - a potion of heal wounds {unknown}
 n - 4 potions of flight
 p - a potion of mutation {unknown}


   Skills:
 - Level 4.0 Fighting
 - Level 4.0 Dodging
 - Level 6.0 Stealth
 - Level 4.0 Unarmed Combat
 + Level 4.8 Spellcasting
 - Level 4.0 Hexes
 - Level 4.0 Translocations
 + Level 7.1 Ice Magic


You had 4 spell levels left.
You knew the following spells:

 Your Spells              Type           Power      Damage    Failure   Level
a - Freeze                Ice            100%       1d11      1%          1
b - Frozen Ramparts       Ice            66%        1d8       1%          3
c - Ozocubu's Armour      Ice            33%        N/A       1%          3
d - Blink                 Tloc           40%        N/A       1%          2
e - Ensorcelled Hibernat  Hex/Ice        54%        N/A       1%          2

Your spell library contained the following spells:

 Spells                   Type           Power      Damage    Failure   Level
 Sandblast                Erth           8%         2d5       4%          1
 Lesser Beckoning         Tloc           20%        N/A       2%          3
 Hailstorm                Conj/Ice       19%        3d6       11%         4
 Spider Form              Tmut/Pois      4%         N/A       14%         3
 Anguish                  Hex/Necr       6%         N/A       21%         4
 Manifold Assault         Tloc           20%        N/A       26%         5
 Blade Hands              Tmut           2%         N/A       75%         5
 Iron Shot                Conj/Erth      2%         9d2       99%         6
 Animate Armour           Summ/Erth      Unusable   N/A       N/A         4

Dungeon Overview and Level Annotations

Branches:
Dungeon (6/15)             Temple (1/1) D:5           Sewer (visited)

Altars:
Ashenzari
Cheibriados
Dithmenos
Elyvilon
Fedhas
Gozag
Hepliaklqana
Kikubaaqudgha
Makhleb
Nemelex Xobeh
Okawaru
Qazlal
Ru
Sif Muna
Trog
Uskayaw
Vehumet
Wu Jian
Xom
Yredelemnul
Zin
The Shining One

Shops:
D:2 [   D:5 [

Annotations:
D:6 hydra!


Innate Abilities, Weirdness & Mutations

You have sharp claws.
You have razor-sharp teeth.
You have supernaturally acute eyesight. (SInv)
You cover ground quickly. (Speed+)
You are covered in thick fur. (AC +2)
Your paws help you pounce on unaware monsters.
You are incapable of wielding weapons or throwing items.
You cannot wear armour.
You gain extra lives every three experience levels.


Message History

Unknown command.
The orc priest invokes the aid of Beogh against you.
Beogh smites you!
* * * LOW HITPOINT WARNING * * *
The orc priest mumbles some strange prayers to Beogh against you.
Beogh smites you!
You die...
You are now level 8!
You rejoin the land of the living...
Unknown command.
The orc priest shouts!
The orc priest calls down the wrath of Beogh upon you.
Beogh smites you!
Casting: Ozocubu's Armour (safe; 1% risk of failure)
Confirm with . or Enter, or press ? or * to list all spells.
Casting: Frozen Ramparts (safe; 1% risk of failure)
Press: ? - help, Dir - look around, f - activate The walls around you are covered in ice.
The wall freezes the orc priest.
The orc priest calls down the wrath of Beogh upon you.
Pain shoots through your body!
* * * LOW HITPOINT WARNING * * *
Unknown command.
Casting: Frozen Ramparts (safe; 1% risk of failure)
Confirm with . or Enter, or press ? or * to list all spells.
A film of ice covers your body!
Unknown command.
Unknown command.
Unknown command.
Your icy armour and frozen ramparts will break if you move.
Continue?
Your icy armour cracks and falls away as you move.
The frozen ramparts melt away as you move.
The orc priest miscasts a cantrip.
The orc priest invokes the aid of Beogh against you.
Beogh smites you!
You die...
You are now level 7!
You rejoin the land of the living...
Unknown command.
Are you sure you want to abandon this character and quit the game? (Confirm with "yes".)

#.#
#.)####...###.
#.# #)รท#
##.## #.# #..#
#.### #.# #..#
#...### #(#
#..# #.....#
#.#
#..#####.###.#
#.# #........#
. #.#
#.######.# #@#
#.# #...
####.# #.#
###.# #....#
#.# .#
#.######.# .
#.#......# ##
#.#.######
#.#.# ###
#.#.## #..
#....# #.#


There were no monsters in sight!

Vanquished Creatures
  Pikel (D:4)
  Eustachio (D:6)
  A steam dragon (D:6)
  Duvessa (D:5)
  An orc warrior (D:6)
  4 ogres (D:5)
  A lemure (D:4)
  A bullfrog (D:6)
  3 scorpions
  A water moccasin zombie (D:5)
  Dowan (D:5)
  An orc priest (D:4)
  A centaur zombie (D:5)
  A bullfrog skeleton (D:4)
  A jelly (D:3)
  A hound (D:3)
  3 gnolls (D:5)
  6 river rats (Sewer)
  11 adders
  A white imp (D:5)
  An ufetubus (D:4)
  2 worms (D:2)
  2 dart slugs
  8 orcs
  7 endoplasms
  11 giant cockroaches
  10 goblins
  6 hobgoblins
  8 jackals
  6 quokkas
  16 ball pythons
  11 bats
  9 frilled lizards
  5 kobolds
  6 rats
150 creatures vanquished.

Vanquished Creatures (others)
  An orc (D:6)
  A plant (D:2)
2 creatures vanquished.

Grand Total: 152 creatures vanquished

Notes
Turn   | Place    | Note
-------+----------+-------------------------------------------
     0 | D:1      | tilp the Felid Ice Elementalist began the quest for the
                  | Orb.
     0 | D:1      | Reached XP level 1. HP: 7/7 MP: 4/4
   391 | D:1      | Reached XP level 2. HP: 4/11 MP: 0/6
   483 | D:1      | Reached skill level 4 in Ice Magic
  1109 | D:1      | Found a faded altar of an unknown god.
  1419 | D:2      | Reached XP level 3. HP: 14/14 MP: 4/7
  1427 | D:1      | Learned a level 3 spell: Frozen Ramparts
  1594 | D:2      | Found Micluahi's Armour Emporium.
  1688 | D:2      | Learned a level 3 spell: Ozocubu's Armour
  2596 | D:3      | Reached XP level 4. HP: 18/18 MP: 9/9
  2647 | D:3      | Reached skill level 5 in Ice Magic
  2878 | D:3      | Reached XP level 5. HP: 21/21 MP: 2/10
  3663 | D:3      | Learned a level 2 spell: Blink
  3691 | D:4      | Noticed Pikel
  3691 | D:4      | Noticed a lemure
  3691 | D:4      | Noticed a lemure
  3691 | D:4      | Noticed a lemure
  3691 | D:4      | Noticed a lemure
  3697 | D:4      | Killed a lemure
  3698 | D:4      | Killed Pikel
  3699 | D:4      | Reached skill level 6 in Ice Magic
  3699 | D:4      | Gained mutation: You are covered in thick fur. (AC +2)
                  | [Felid growth]
  3699 | D:4      | Reached XP level 6. HP: 11/28 MP: 2/11
  3699 | D:4      | Reached XP level 7. HP: 13/31 MP: 2/12
  5217 | D:5      | Entered Level 5 of the Dungeon
  5259 | D:5      | Reached skill level 5 in Stealth
  5319 | D:5      | Noticed Dowan
  5348 | D:5      | Killed Dowan
  5387 | D:5      | Found a shimmering blue altar of Sif Muna.
  5396 | D:5      | Found an ancient bone altar of Kikubaaqudgha.
  5549 | D:5      | Found Keob's Antique Armour Shoppe.
  5637 | D:5      | Reached XP level 8. HP: 14/36 MP: 8/13
  5858 | D:5      | Noticed Duvessa
  6156 | D:5      | Killed Duvessa
  6157 | D:5      | Reached skill level 1 in Translocations
  6509 | D:5      | Found a staircase to the Ecumenical Temple.
  6531 | Temple   | Entered the Ecumenical Temple
  7015 | Temple   | Became a worshipper of Vehumet
  7234 | D:5      | Learned a level 2 spell: Ensorcelled Hibernation
  7337 | D:6      | Noticed a five-headed hydra
  7466 | D:6      | Found a glowing drain.
  7480 | Sewer    | Entered a sewer
  7782 | Sewer    | Reached * piety under Vehumet
  7782 | Sewer    | Offered knowledge of Sandblast by Vehumet.
  7878 | Sewer    | Reached skill level 1 in Hexes
  8424 | D:6      | Noticed Eustachio
  8432 | D:6      | Killed Eustachio
  8444 | D:6      | Reached skill level 7 in Ice Magic
  8694 | D:6      | Reached XP level 9. HP: 35/39 MP: 13/17
  8786 | D:6      | Killed from afar by an orc priest
  8787 | D:6      | Reached XP level 8. HP: 0/36 MP: 13/16
  8800 | D:6      | Killed from afar by an orc priest
  8801 | D:6      | Reached XP level 7. HP: 0/32 MP: 14/15
  8801 | D:6      | Quit the game

Illustrated notes

Levels and vault maps discovered:
D:1:      dpeg_arrival_rhombi, layout_basic, shapermc_ecumenical_altar_venn
D:2:      cheibrodos_old_hovel, layout_loops_ring, serial_shops,
          nicolae_shop_trees, corexii_hall_statues_i
D:3:      layout_basic, feat_on_display
D:4:      layout_gridville, chequers_serial_rivers_small_a, uniq_pikel
D:5:      layout_basic, mainiacjoe_overflow_swirl,
          minmay_temple_entry_statues_fountains, serial_shops,
          nicolae_square_shop, nrook_mini_backslash, uniq_duvessa
D:6:      layout_loops_ring, portal_sewer_entry_e, kennysheep_generic_room_16,
          uniq_eustachio
Temple:   mainiacjoe_temple_big_plus

Skill      XL: |  1  2  3  4  5  6  7  8 |
---------------+-------------------------+-----
Ice Magic      | 4 5 6 7 |  7.1
Spellcasting   | 3 4 |  4.8
Fighting       | 3 4 |  4.0
Dodging        | 4 |  4.0
Stealth        | 4 6 |  6.0
Unarmed Combat | 2 3 4 |  4.0
Translocations | 4 |  4.0
Hexes          | 4 |  4.0

Action                   |  1- 3 |  4- 6 |  7- 9 || total
-------------------------+-------+-------+-------++-------
Melee: Unarmed           |    30 |     4 |    88 ||   122
       Bite              |     3 |       |    13 ||    16
       Punch             |       |       |     2 ||     2
 Cast: Freeze            |    53 |    16 |    67 ||   136
       Frozen Ramparts   |     7 |     4 |    38 ||    49
       Ozocubu's Armour  |     3 |     3 |    24 ||    30
       Blink             |       |       |     4 ||     4
       Ensorcelled Hiber |       |       |     5 ||     5
  Use: Scroll            |     4 |     1 |    10 ||    15
       Potion            |       |       |     2 ||     2
 Stab: Sleeping          |    11 |     2 |    10 ||    23
Armor: Skin              |     1 |     3 |    18 ||    22
Dodge: Dodged            |    40 |    11 |   133 ||   184

Table legend: (Time is in decaauts)
 A = Elapsed time spent in this place.
 B = Non-inter-level travel time spent in this place.
 C = Inter-level travel time spent in this place.
 D = Time resting spent in this place.
 E = Time spent auto-exploring this place.
 F = Levels seen in this place.
 G = Mean time per level.
                   A        B        C        D        E       F      G
               +--------+--------+--------+--------+--------+-----+--------+
         Total |   8029 |   7785 |    244 |   2557 |   3812 |   8 | 1003.6 |
       Dungeon |   6592 |   6453 |    139 |   2270 |   3079 |   6 | 1098.7 |
        Temple |    422 |    317 |    105 |      0 |    312 |   1 |  422.0 |
         Sewer |   1014 |   1014 |      0 |    287 |    420 |   1 | 1014.0 |
               +--------+--------+--------+--------+--------+-----+--------+

Top non-repeatable levels by time:
     D:4: 1578 daAuts
     D:1: 1278 daAuts
     D:3: 1190 daAuts
     D:5: 1067 daAuts
   Sewer: 1014 daAuts
     D:2: 975 daAuts
     D:6: 502 daAuts
  Temple: 422 daAuts
